 Dungeon Crawl Stone Soup version 0.19-a0-503-g45a6586 (webtiles) character file.

39727 tyrsky the Unseen (level 13, -12/63 HPs)
             Began as a Felid Venom Mage on June 5, 2016.
             Was an Elder of Ru.
             Shot with an arrow by a deep elf archer (22 damage)
             ... on level 1 of the Elven Halls.
             The game lasted 02:23:15 (28701 turns).

tyrsky the Unseen (Felid Venom Mage)               Turns: 28701, Time: 02:23:16

Health: -12/63     AC:  5    Str:  8    XL:     13   Next: 70%
Magic:  10/19      EV: 29    Int: 18    God:    Ru [****..]
Gold:   1995       SH:  0    Dex: 16    Spells: 4 memorised, 10 levels left
                                        Lives:  0   Deaths: 4

rFire  + . .     SeeInvis +       - Unarmed
rCold  + . .     Gourm    .     (armour unavailable)
rNeg   . . .     Faith    .     (shield unavailable)
rPois  .         Spirit   .     (helmet unavailable)
rElec  .         Dismiss  .     (cloak unavailable)
rCorr  .         Reflect  .     (gloves unavailable)
SustAt .         Harm     .     (boots unavailable)
MR     +....                    M - amulet of regeneration
Stlth  +++++++...               B - ring of protection from fire
                                S - +2 ring of protection

@: no potions, no scrolls, very slightly contaminated, drained, quick, somewhat
resistant to hostile enchantments, extremely stealthy
A: no armour, no weapons or thrown items, claws 1, fangs 3, see invisible,
carnivore 3, speed 1, low mp 1, shaggy fur 3, slow metabolism 1, inability to
drink while threatened, inability to read while threatened, hated by all, sharp
paws
a: Draw Out Power, Power Leap, Renounce Religion


You were on level 1 of the Elven Halls.
You worshipped Ru.
Ru was greatly pleased with you.
You were not hungry.

You visited 4 branches of the dungeon, and saw 26 of its levels.
You also visited: Ossuary.

You collected 2580 gold pieces.
You spent 585 gold pieces at shops.

Inventory:

Jewellery
 w - an uncursed ring of protection from cold
 x - an uncursed ring of sustain attributes
 B - a ring of protection from fire (right paw)
 E - a +3 ring of slaying
 M - an amulet of regeneration (around neck)
 P - an uncursed ring of resist corrosion
 S - a +2 ring of protection (left paw)
Wands
 y - a wand of lightning (3/15)
 I - a wand of iceblast (1/15)
 J - a wand of digging (5/24)
 L - a wand of flame (22/48)
 T - a wand of iceblast (10/15)
Scrolls
 e - 13 scrolls of remove curse
 f - 2 scrolls of enchant weapon
 g - 3 scrolls of recharging
 p - 4 scrolls of teleportation
 A - 4 scrolls of enchant armour
 K - a scroll of fog
 O - a scroll of blinking
 R - 4 scrolls of amnesia
 U - a scroll of fear
 W - a scroll of silence
 X - 6 scrolls of identify {@*1}
Potions
 c - 2 potions of heal wounds
 d - 2 potions of cancellation
 j - 3 potions of brilliance
 k - 3 potions of agility
 l - a potion of magic {unknown}
 m - a potion of cure mutation {unknown}
 o - a potion of resistance
 s - 2 potions of flight
 t - 4 potions of might
 u - 4 potions of ambrosia
 v - a potion of invisibility
 H - 3 potions of haste
 N - 8 potions of curing
Books
 a - a Young Poisoner's Handbook

   Spells                             Type                      Level
   a - Sting                          Conjuration/Poison           1
   b - Cure Poison                    Poison                       2
   c - Mephitic Cloud                 Conjuration/Poison/Air       3
   d - Olgreb's Toxic Radiance        Poison                       4
   e - Venom Bolt                     Conjuration/Poison           5
 n - a book of Battle

   Spells                             Type                      Level
   a - Infusion                       Charms                       1
   b - Shroud of Golubria             Charms/Translocation         2
   c - Song of Slaying                Charms                       2
   d - Spectral Weapon                Hexes/Charms                 3
   e - Regeneration                   Charms/Necromancy            3
 r - a book of Debilitation

   Spells                             Type                      Level
   a - Corona                         Hexes                        1
   b - Slow                           Hexes                        2
   c - Gell's Gravitas                Hexes/Translocation          3
   d - Inner Flame                    Hexes/Fire                   3
   e - Cause Fear                     Hexes                        4
   f - Leda's Liquefaction            Hexes/Earth                  4
 D - a book of Transfigurations

   Spells                             Type                      Level
   a - Irradiate                      Conjuration/Transmutation    5
   b - Statue Form                    Transmutation/Earth          6
   c - Hydra Form                     Transmutation                6
   d - Dragon Form                    Transmutation                7
 Y - a book of Spatial Translocations

   Spells                             Type                      Level
   a - Apportation                    Translocation                1
   b - Blink                          Translocation                2
   c - Shroud of Golubria             Charms/Translocation         2
   d - Portal Projectile              Translocation                3
   e - Teleport Other                 Translocation                3
   f - Passage of Golubria            Translocation                4
Comestibles
 b - 10 meat rations
 h - 3 beef jerkies
 i - 3 royal jellies
 q - a slice of pizza


   Skills:
 - Level 10.8(10.3) Fighting
 - Level 14.0(13.4) Dodging
 - Level 15.4(14.8) Stealth
 - Level 13.9(13.3) Unarmed Combat
 + Level 5.2(4.8) Spellcasting
 - Level 2.4(1.9) Conjurations
 * Level 8.3(7.8) Transmutations
 - Level 3.0(2.5) Air Magic
 + Level 4.9(4.5) Earth Magic
 - Level 3.6(3.1) Poison Magic
 + Level 5.8(5.3) Evocations


You had 10 spell levels left.
You knew the following spells:

 Your Spells              Type           Power        Failure   Level  Hunger
a - Sting                 Conj/Pois      ##..         6%          1    None
b - Cure Poison           Pois           ###.......   8%          2    #......
c - Mephitic Cloud        Conj/Pois/Air  ##......     17%         3    ###....
d - Statue Form           Tmut/Erth      ####.....    99%         6    #######


Dungeon Overview and Level Annotations

Branches:
Dungeon (15/15)            Temple (0/1) D:7            Lair (8/8) D:9
 Shoals (0/4) Lair:3       Spider (0/4) Lair:6          Orc (2/2) D:9
    Elf (1/3) Orc:2
  Slime: Lair:6-8    Vaults: D:13-14     Depths: D:15

Altars:
Dithmenos
Fedhas
Makhleb
Nemelex Xobeh
Pakellas
Qazlal
Ru
Uskayaw
Vehumet
Xom
Yredelemnul

Shops:
D:7 *   D:15 ?   Orc:2 *[:(

Annotations:
D:4 Blork the orc
D:5 exclusion: centaur, Dowan, Duvessa, Sigmund
D:6 exclusion: statue
D:8 exclusion: centaur warrior
D:12 Frances
D:14 4 runed doors
D:15 exclusion: Roxanne, Roxanne, Sonja


Innate Abilities, Weirdness & Mutations

You cannot wear armour.
You are incapable of wielding weapons or throwing items.
You have sharp claws.
You have razor-sharp teeth.
You have supernaturally acute eyesight. (SInv)
You are carnivorous and can eat meat at any time.
You cover ground quickly.
Your magical capacity is low. (-10% MP)
Your thick and shaggy fur keeps you warm. (AC +3, rC+)
You have a slow metabolism.
You cannot drink potions while threatened.
You cannot read scrolls while threatened.
You are hated by all.
Your sharp claws are effective at attacking unaware monsters.


Message History

Zapping:
y - a wand of lightning {zapped: 3} (will waste charges)
Press: ? - help, Shift-Dir - straight line, f/p - deep elf knight
Aim: a deep elf knight, wielding a long sword (moderately wounded, slightly transparent)
You hear a mighty clap of thunder!
The bolt of lightning misses the deep elf knight.
Evoking this partially-identified wand wasted a few charges.
The deep elf archer blinks!
The deep elf knight closely misses you.
You scratch the deep elf knight. Your claw misses the deep elf knight.
The deep elf knight is moderately wounded.
You feel less exhausted.
The deep elf archer unwields an uncursed short sword.
The deep elf archer wields a shortbow.
The deep elf archer shoots an arrow.
The arrow misses the deep elf knight.
The arrow hits you!
* * * LOW HITPOINT WARNING * * *
The deep elf knight closely misses you.
You miss the deep elf knight.
The deep elf knight is moderately wounded.
The deep elf archer shoots an arrow.
The arrow misses the deep elf knight.
The arrow hits you!!
You die...

....e§# #e ...e..#
.#### ...e..# .....
.....e# #'#'#+#
......# #.#.#.#
......+############
.e.e..+.......e)..#
......#.......)eh.#
......#.......().)#
....e.e.[.........#
..................#
.....##############
..).## #.#.#.#
..... #'#+#+# .....
... .... ...


You could see a deep elf archer and a deep elf knight (invisible).

Vanquished Creatures
  Rupert (Lair:8)
  An orc warlord (Orc:2)
  Josephine (Lair:6)
  5 hydras
  Erica (Lair:1)
  2 centaur warriors
  3 tengu warriors
  Urug (Orc:1)
  2 death yaks (Lair:8)
  5 orc high priests
  A deep elf knight (Elf:1)
  An unseen horror (D:14)
  A wizard (D:15)
  A hill giant (D:14)
  2 orc knights (Orc:2)
  7 deep elf magi
  An orc sorcerer (Orc:1)
  A manticore (D:11)
  3 cyclopes
  2 torpor snails
  11 elephants (Lair:8)
  6 black mambas
  A centaur skeleton (D:15)
  12 spiny frogs
  2 rime drakes
  A tengu conjurer (D:15)
  A komodo dragon (shapeshifter) (D:13)
  A kobold demonologist (D:11)
  9 komodo dragons
  9 trolls
  A merfolk (D:14)
  2 boulder beetles
  2 polar bears
  4 jumping spiders (Lair:6)
  2 two-headed ogres
  5 slime creatures (D:14)
  10 blink frogs
  A centaur simulacrum (D:14)
  3 wraiths (Lair:6)
  3 redbacks (Lair:6)
  A wyvern (D:14)
  A basilisk (Lair:8)
  A water elemental (Elf:1)
  46 yaks
  Grum (D:8)
  2 hungry ghosts
  4 vampire mosquitoes
  2 wargs (Orc:2)
  A mottled dragon (D:14)
  12 hippogriffs
  16 water moccasins
  9 porcupines
  2 ice beasts
  6 sky beasts
  40 orc warriors
  3 black bears
  A wasp (D:12)
  5 phantoms
  13 wolves
  13 ogres
  8 centaurs
  3 big kobolds
  13 crocodiles
  A wyvern zombie (D:11)
  20 giant frogs
  3 jellies
  A scorpion (D:8)
  A water moccasin skeleton (D:10)
  A wyvern skeleton (D:13)
  3 wights (D:12)
  4 electric eels
  3 howler monkeys (D:9)
  5 crimson imps
  A quasit (D:5)
  4 giant frog zombies
  8 hounds
  6 centaur zombies
  2 giant frog skeletons
  17 orc priests
  9 orc wizards
  10 iguanas
  Ijyb (D:2)
  9 worker ants
  3 ogre zombies (Ossuary)
  31 sheep
  A hound zombie (D:7)
  A howler monkey zombie (D:5)
  7 mummies (Ossuary)
  2 worker ant zombies
  A gnoll (D:7)
  9 adders
  42 river rats
  3 shadow imps
  4 adder zombies (Ossuary)
  An adder skeleton (D:7)
  4 worms
  A dart slug (D:1)
  8 giant geckos
  68 orcs
  3 ball pythons
  18 bats
  6 giant cockroaches
  10 goblins
  7 hobgoblins
  8 jackals
  24 kobolds
  3 quokkas
  A giant gecko skeleton (D:4)
  7 giant newts
  2 gnoll zombies (Ossuary)
  4 goblin zombies (Ossuary)
  4 hobgoblin zombies (Ossuary)
  2 kobold zombies (Ossuary)
  4 quokka zombies (Ossuary)
  24 rats
  5 rat zombies (Ossuary)
  A fungus (D:9)
759 creatures vanquished.

Vanquished Creatures (others)
  A fire dragon (D:3)
  A deep elf mage (Elf:1)
  A komodo dragon (Lair:8)
  2 river rats
  An orc (Orc:1)
  23 fungi
  6 plants
35 creatures vanquished.

Grand Total: 794 creatures vanquished

Notes
Turn   | Place    | Note
--------------------------------------------------------------
     0 | D:1      | tyrsky the Felid Venom Mage began the quest for the Orb.
     0 | D:1      | Reached XP level 1. HP: 7/7 MP: 4/4
    44 | D:1      | Reached skill level 1 in Conjurations
    71 | D:1      | Reached XP level 2. HP: 5/11 MP: 0/6
   201 | D:1      | Learned a level 2 spell: Cure Poison
   641 | D:1      | Reached XP level 3. HP: 12/14 MP: 4/7
   646 | D:1      | Learned a level 3 spell: Mephitic Cloud
   856 | D:2      | Found a burning altar of Makhleb.
  1027 | D:2      | Found a faded altar of an unknown god.
  1097 | D:2      | Reached skill level 1 in Air Magic
  1419 | D:2      | Noticed Ijyb
  1458 | D:2      | Killed Ijyb
  1458 | D:2      | Reached skill level 3 in Stealth
  1458 | D:2      | Reached XP level 4. HP: 18/18 MP: 5/8
  1813 | D:3      | Found an oddly glowing altar of Pakellas.
  1813 | D:3      | Noticed a fire dragon
  1870 | D:3      | Killed a fire dragon
  2312 | D:3      | Reached XP level 5. HP: 21/21 MP: 4/9
  2504 | D:4      | Reached skill level 4 in Stealth
  2723 | D:4      | Noticed a phantom
  2842 | D:5      | Entered Level 5 of the Dungeon
  2846 | D:5      | Noticed Sigmund
  2859 | D:4      | Reached skill level 1 in Unarmed Combat
  2867 | D:4      | Found a sacrificial altar of Ru.
  3237 | D:4      | Noticed Blork the orc
  3273 | D:5      | Found a sparkling altar of Nemelex Xobeh.
  3355 | D:5      | Found a shimmering altar of Xom.
  3396 | D:5      | Found a blossoming altar of Fedhas.
  3399 | D:5      | Noticed a centaur
  3512 | D:5      | Found a stormy altar of Qazlal.
  3625 | D:5      | Noticed a phantom
  3783 | D:5      | Found a hide-covered altar of Uskayaw.
  3806 | D:5      | Gained mutation: You are covered in thick fur. (AC +2) [Felid growth]
  3806 | D:5      | Reached XP level 6. HP: 16/24 MP: 10/10
  3846 | D:5      | Reached skill level 5 in Stealth
  3882 | D:4      | Became a worshipper of Ru the Awakened
  4048 | D:5      | Noticed Duvessa
  4048 | D:5      | Noticed Dowan
  4382 | D:6      | Reached XP level 7. HP: 8/27 MP: 4/11
  4516 | D:5      | Reached skill level 5 in Dodging
  4558 | D:6      | Reached skill level 6 in Stealth
  5103 | D:6      | Found a radiant altar of Vehumet.
  5592 | D:7      | Found a sparkling altar of Nemelex Xobeh.
  5610 | D:7      | Found a staircase to the Ecumenical Temple.
  5663 | D:7      | Reached skill level 7 in Stealth
  5890 | D:7      | Reached XP level 8. HP: 10/31 MP: 8/12
  6258 | D:8      | Noticed Grum
  6314 | D:8      | Killed Grum
  6314 | D:8      | Reached skill level 1 in Fighting
  6332 | D:8      | Found a sand-covered staircase.
  6437 | Ossuary  | Entered an ossuary
  6627 | Ossuary  | Reached skill level 5 in Unarmed Combat
  7207 | Ossuary  | Reached skill level 8 in Stealth
  7305 | D:8      | Noticed a troll
  7446 | D:8      | Noticed a centaur warrior
  7529 | D:8      | Shot with an arrow by a centaur warrior
  7530 | D:8      | Reached XP level 7. HP: 0/31 MP: 3/11
  7651 | D:8      | Reached XP level 8. HP: 28/35 MP: 12/12
  7660 | D:8      | Noticed a cyclops
  7663 | D:9      | Found a staircase to the Orcish Mines.
  8106 | D:9      | Found a basalt altar of Yredelemnul.
  8215 | D:9      | Gained mutation: You are hated by all. [Ru sacrifice]
  8215 | D:9      | Reached * piety under Ru
  8493 | D:9      | Reached skill level 9 in Stealth
  8914 | D:9      | Reached skill level 5 in Fighting
  8921 | D:9      | Found a staircase to the Lair.
  9106 | D:10     | Entered Level 10 of the Dungeon
  9125 | D:10     | Reached XP level 9. HP: 40/40 MP: 13/13
  9942 | D:10     | Reached skill level 10 in Stealth
 10701 | D:11     | Noticed a kobold demonologist
 10719 | D:11     | Noticed a red devil
 10721 | D:11     | Killed a kobold demonologist
 10721 | D:11     | Reached XP level 10. HP: 10/46 MP: 9/14
 11087 | D:11     | Noticed a manticore
 11124 | D:10     | Slain by a wyvern
 11125 | D:10     | Reached XP level 9. HP: 0/42 MP: 6/13
 11608 | D:11     | HP: 1/42 [manticore (14)]
 11618 | D:12     | Noticed a komodo dragon
 11624 | D:12     | Noticed a troll
 11796 | D:12     | Noticed a gargoyle
 11921 | D:12     | Killed a komodo dragon
 11921 | D:12     | Reached skill level 10 in Dodging
 11921 | D:12     | Reached skill level 11 in Stealth
 12147 | D:12     | Reached XP level 10. HP: 47/47 MP: 0/14
 12523 | D:12     | Noticed Frances
 13083 | D:13     | Noticed a centaur warrior
 13089 | D:13     | Noticed a deep elf mage
 13281 | D:14     | Noticed an unseen horror
 13285 | D:14     | Killed an unseen horror
 13352 | D:14     | Noticed a hill giant
 13356 | D:14     | Killed a hill giant
 13362 | D:14     | Noticed a tengu warrior
 13363 | D:14     | Noticed a tengu warrior
 13367 | D:14     | Killed a tengu warrior
 13367 | D:14     | Reached skill level 12 in Stealth
 13371 | D:14     | Killed a tengu warrior
 13371 | D:14     | Reached skill level 10 in Unarmed Combat
 13371 | D:14     | Reached XP level 11. HP: 51/51 MP: 15/15
 13899 | D:14     | Found a shadowy altar of Dithmenos.
 14140 | D:14     | You fall through a shaft!
 14140 | D:15     | Entered Level 15 of the Dungeon
 14163 | D:15     | Noticed Roxanne
 14166 | D:15     | Noticed a tengu warrior
 14183 | D:15     | Killed a tengu warrior
 14195 | D:15     | Noticed a wizard
 14230 | D:14     | Found a huge runed gate.
 14230 | D:14     | Found a huge runed gate.
 14231 | D:14     | Found a huge runed gate.
 14232 | D:14     | Found a huge runed gate.
 14233 | D:14     | Noticed a death yak
 14234 | D:14     | Noticed a griffon
 14393 | D:14     | Noticed a death yak
 15719 | D:14     | Noticed a centaur warrior
 15798 | D:14     | Killed a centaur warrior
 15798 | D:14     | Reached skill level 13 in Stealth
 15831 | D:15     | Found Uleam's Magic Scroll Boutique.
 15839 | D:15     | Bought a scroll of teleportation for 42 gold pieces
 15839 | D:15     | Bought a scroll of identify for 28 gold pieces
 15983 | D:15     | Noticed a deep elf mage
 16070 | D:15     | Killed a wizard
 16076 | D:15     | Noticed Sonja
 16396 | D:15     | Noticed a seven-headed hydra
 16413 | D:15     | Noticed a wizard
 16423 | D:15     | Noticed a dire elephant
 16453 | D:13     | Mangled by a dire elephant
 16454 | D:13     | Reached XP level 10. HP: -11/49 MP: 14/14
 16562 | D:12     | Noticed a cyclops
 16575 | D:12     | Killed a cyclops
 16586 | D:12     | Gained mutation: You cannot drink potions while threatened. [Ru sacrifice]
 16586 | D:12     | Reached ** piety under Ru
 17070 | D:11     | Killed a manticore
 17070 | D:11     | Reached XP level 11. HP: 22/52 MP: 6/15
 17973 | D:8      | Noticed a centaur warrior
 18420 | D:7      | Found Ymaj's Assorted Antiques.
 18428 | D:7      | Bought a potion of curing for 78 gold pieces
 18428 | D:7      | Bought a scroll of blinking for 195 gold pieces
 18428 | D:7      | Bought a scroll of teleportation for 78 gold pieces
 18428 | D:7      | Bought a potion of curing for 78 gold pieces
 18428 | D:7      | Bought a scroll labeled FOARAQ EROIRR for 26 gold pieces
 18575 | D:8      | Noticed a hill giant
 18580 | D:8      | Killed a centaur warrior
 18730 | Orc:1    | Entered Level 1 of the Orcish Mines
 18730 | Orc:1    | Noticed Urug
 18735 | Orc:1    | Killed Urug
 18833 | Orc:2    | Entered Level 2 of the Orcish Mines
 18872 | Orc:1    | Reached skill level 14 in Stealth
 19778 | Orc:1    | Gained mutation: You cannot read scrolls while threatened. [Ru sacrifice]
 19778 | Orc:1    | Reached *** piety under Ru
 19869 | Orc:2    | Noticed an orc high priest
 19883 | Orc:2    | Noticed an orc high priest
 19886 | Orc:2    | Found Yzxoticy's General Store.
 19908 | Orc:2    | Noticed an orc sorcerer
 19915 | Orc:2    | Noticed an orc warlord
 19915 | Orc:2    | Noticed a soul eater
 20313 | Lair:1   | Entered Level 1 of the Lair of Beasts
 20474 | Lair:1   | Noticed Erica
 20483 | Lair:1   | Killed Erica
 20607 | Lair:3   | Noticed a catoblepas
 20626 | Lair:2   | Gained mutation: Your thick and shaggy fur keeps you warm. (AC +3, rC+) [Felid growth]
 20626 | Lair:2   | Reached XP level 12. HP: 14/58 MP: 14/16
 22345 | Lair:3   | Found a staircase to the Shoals.
 22522 | Lair:3   | Reached skill level 10 in Fighting
 22651 | Lair:5   | Found a sacrificial altar of Ru.
 22740 | Lair:5   | Noticed a four-headed hydra
 22743 | Lair:5   | Killed a four-headed hydra
 22991 | Lair:5   | Noticed a four-headed hydra
 22999 | Lair:5   | Killed a four-headed hydra
 23362 | Lair:4   | Reached skill level 15 in Stealth
 23419 | Lair:6   | Noticed Josephine
 23565 | Lair:7   | Noticed a four-headed hydra
 23578 | Lair:7   | HP: 2/58 [four-headed hydra (9)]
 23580 | Lair:7   | Killed a four-headed hydra
 23580 | Lair:7   | Reached XP level 13. HP: 30/62 MP: 17/17
 23710 | Lair:8   | Entered Level 8 of the Lair of Beasts
 23753 | Lair:8   | Noticed Rupert
 23754 | Lair:8   | Killed Rupert
 23914 | Lair:8   | Learned a level 6 spell: Statue Form
 23947 | Lair:8   | Reached skill level 1 in Transmutations
 24030 | Lair:8   | Reached skill level 1 in Evocations
 24112 | Lair:8   | Reached skill level 1 in Earth Magic
 25770 | Lair:8   | Reached skill level 5 in Transmutations
 26202 | Lair:6   | Reached XP level 14. HP: 13/66 MP: 19/21
 26640 | Lair:6   | Found a hole to the Spider Nest.
 26774 | Lair:6   | Killed Josephine
 27045 | Lair:2   | Gained mutation: Your magical capacity is low. (-10% MP) [Ru sacrifice]
 27045 | Lair:2   | Reached **** piety under Ru
 27591 | Orc:2    | Reached skill level 5 in Evocations
 27664 | Orc:2    | Bought a scroll of teleportation for 30 gold pieces
 27664 | Orc:2    | Bought a potion of curing for 30 gold pieces
 27712 | Orc:2    | Found a staircase to the Elven Halls.
 27989 | Orc:2    | Found Jurimp's Antique Weapon Emporium.
 28107 | Orc:2    | Found Pijexed's Antique Armour Shop.
 28120 | Orc:2    | Found Pauts's Book Boutique.
 28177 | Orc:2    | Slain by an orc knight
 28178 | Orc:2    | Reached XP level 13. HP: -4/63 MP: 19/19
 28203 | Orc:2    | Killed an orc warlord
 28548 | Orc:2    | Reached skill level 5 in Spellcasting
 28555 | Elf:1    | Entered Level 1 of the Elven Halls
 28701 | Elf:1    | Shot with an arrow by a deep elf archer

Vault maps used:
D:1:      minmay_arrival_shattered_statue
D:2:      wad_crossroads, lightli_temple_of_fire, ecumenical_altar_1, uniq_iyjb
D:3:      gammafunk_pakellas_cloud_experiment
D:4:      nicolae_overflow_hidden_temple, first_bread, uniq_grinder,
          uniq_blork_the_orc
D:5:      grunt_temple_overflow_forces_of_nature, kennysheep_little_box,
          kennysheep_mini_moat, nemelex_diamond_rough_becter, uniq_sigmund,
          uniq_duvessa
D:6:      vehumet_statue, gup_sewer_entry_bubbles,
          hangedman_abyss_or_decor_lesser_grid, serial_park_tiny_1,
          minmay_misc_feat_diagonals, nicolae_water_bricks
D:7:      nemelex_xobeh_ov_fountains_minmay, temple_statues, serial_shops,
          nicolae_shop_temple_entry_statues_fountains
D:8:      minmay_cut_squares, nicolae_ossuary_entry_ruins, uniq_grum
D:9:      nicolae_overflow_crystal_walls, grunt_lair_entry_orc_guard_hut,
          orc_0_dummy
D:11:     special_room
D:12:     uniq_frances
D:13:     grunt_vaults_entry_tiered
D:14:     lemuel_bear_cage, hangedman_fish_farm,
          grunt_dithmenos_smoke_and_mirrors
D:15:     hangedman_depths_entry_try_elsewhere_first, tso_metal_star,
          serial_shops, nicolae_shop_stone, uniq_sonja, uniq_roxanne
Lair:1:   infiniplex_staircase_pool, grunt_megastairs_3, lemuel_fruit_fields,
          uniq_erica
Lair:2:   fungi_pond_lemuel, uniq_fannar
Lair:3:   elwin_shoals_entry_rooms
Lair:4:   grunt_megastairs_2
Lair:5:   boulder_quad_collide, basic_altar, st_stairs_6, grunt_megastairs_4
Lair:6:   nicolae_spider_entry_tight_spaces, columned_hall_lemuel,
          uniq_josephine
Lair:7:   nicolae_slime_entry_slimehenge
Lair:8:   hangedman_lair_in_review, lemuel_fruit_fields, uniq_rupert
Orc:1:    uniq_urug
Orc:2:    grunt_orc_gardens, grunt_orc_garden, grunt_orc_garden,
          grunt_orc_garden, grunt_orc_garden
Elf:1:    minmay_elf_arrival_summoners, minivault_28
Ossuary:  ossuary_boxes_badplayer

Skill      XL: |  1  2  3  4  5  6  7  8  9 10 11 12 13 14 |
---------------+-------------------------------------------+-----
Conjurations   | 1 2 |  2.4
Air Magic      | 2 3 |  3.0
Stealth        | 3 4 5 7 9 11 12 14 15 | 15.4
Dodging        | 3 4 6 8 10 11 13 14 | 14.0
Unarmed Combat | 1 2 4 6 8 10 12 13 | 13.9
Fighting       | 5 7 9 10 | 10.8
Transmutations | 8 7 |  8.3
Evocations     | 3 5 |  5.8
Earth Magic    | 3 4 |  4.9
Spellcasting   | 5 |  5.2
Poison Magic   | |  3.6

Action                   |  1- 3 |  4- 6 |  7- 9 | 10-12 | 13-15 || total
-------------------------+-------+-------+-------+-------+-------++-------
Melee: Unarmed           |    32 |   126 |   651 |  1023 |   830 ||  2662
       Bite              |     1 |    15 |    64 |    97 |    76 ||   253
       Punch             |       |     2 |    14 |    53 |    47 ||   116
 Cast: Sting             |    72 |   110 |   134 |    32 |       ||   348
       Mephitic Cloud    |     1 |     2 |    69 |   104 |    55 ||   231
       Cure Poison       |       |     1 |       |     2 |     5 ||     8
Invok: Reject Sacrifices |       |       |     2 |     2 |       ||     4
       Sacrifice Love    |       |       |     1 |       |       ||     1
       Sacrifice Drink   |       |       |       |     1 |       ||     1
       Draw Out Power    |       |       |       |     2 |     9 ||    11
       Sacrifice Words   |       |       |       |     1 |       ||     1
       Sacrifice Essence |       |       |       |       |     1 ||     1
Evoke: Wand              |       |     7 |     9 |    11 |     2 ||    29
  Use: Scroll            |       |     8 |     8 |    17 |     1 ||    34
       Potion            |       |     2 |     8 |     1 |       ||    11
 Stab: Confused          |     3 |     5 |    31 |    62 |    41 ||   142
       Sleeping          |       |       |    37 |    59 |    23 ||   119
       Distracted        |       |       |     4 |    10 |     8 ||    22
       Invisible         |       |       |       |     5 |     2 ||     7
  Eat: Chunk             |     1 |    16 |    15 |    56 |    17 ||   105
Armor: Skin              |     2 |     9 |    20 |    16 |    37 ||    84
Dodge: Dodged            |    47 |   112 |   500 |   799 |   763 ||  2221
